 Dungeon Crawl Stone Soup version 0.32-a0-290-g598725c5f2 (webtiles) character file.

Game seed: 5819482955478156514

256952 cforsyth the Slayer (level 20, -9/170 HPs)
             Began as a Djinni Hexslinger on Feb 13, 2024.
             Mangled by a +3 battleaxe of venom (20 damage)
             ... animated by Zenata
             ... on level 1 of the Vaults.
             The game lasted 01:54:28 (55441 turns).

cforsyth the Slayer (Djinni Hexslinger)            Turns: 55441, Time: 01:54:29

Health: -9/170     AC: 10    Str:  7    XL:     20   Next: 63%
Gold:   2967       EV: 15    Int: 28    God:
                   SH: 20    Dex: 17

rFire   + + +        a - +0 dagger of Immorality {venom, ^Fragile rElec Int+5}
rCold   + . .        x - +2 shield of Resistance {rF++ rC++ Will++}
rNeg    . . .        H - +0 troll leather armour
rPois   ∞            K - +2 hat {Will+}
rElec   +            D - +1 cloak
rCorr   .            y - +2 pair of gloves
SInv    +            (boots unavailable)
Will    +++++        U - amulet of reflection
Stlth   +            v - ring of see invisible
HPRegen 1.28/turn    e - +5 ring of evasion
MPRegen 0.00/turn

%: reflection, infuse magic (-10 HP)
@: flying
A: sickness immunity, fire resistance 2, cold vulnerability 1, float, innate
caster, HP casting, extra vitality 1
}: 2/15 runes: decaying, gossamer
a: no special abilities


You were on level 1 of the Vaults.
You visited 6 branches of the dungeon, and saw 31 of its levels.
You also visited: Bailey and Ice Cave.

You collected 4072 gold pieces.
You spent 1105 gold pieces at shops.


Innate Abilities, Weirdness & Mutations

You are immune to sickness and miasma.
You are immune to poison.
Your flesh is very heat resistant. (rF++)
You are vulnerable to cold. (rC-)
You float through the air rather than walking.
You learn spells naturally, not from books.
Your magical power is your life essence.
You have superior vitality. (+4 MHP)


   Skills:
 + Level 23.1 Fighting
 - Level 1.5 Ranged Weapons
 - Level 2.1 Dodging
 - Level 12.4 Shields
 + Level 18.1 Spellcasting
 + Level 18.1 Conjurations
 + Level 18.1 Hexes
 + Level 18.1 Summonings
 + Level 18.1 Necromancy
 + Level 18.1 Translocations
 + Level 18.1 Fire Magic
 + Level 18.1 Ice Magic
 + Level 18.1 Air Magic
 + Level 18.1 Earth Magic
 + Level 18.1 Alchemy


You knew the following spells:

 Your Spells              Type           Power      Damage    Failure   Level
a - Necrotise             Necr           100%       1d9       0%          1
b - Scorch                Fire           100%       2d9       0%          2
c - Cause Fear            Hex            45%        N/A       1%          4
d - Bombard               Conj/Erth      45%        9d8       1%          6
e - Starburst             Conj/Fire      45%        6d13      1%          6
f - Inner Flame           Hex/Fire       91%        N/A       0%          3
i - Swiftness             Air            91%        N/A       0%          3
l - Fireball              Conj/Fire      45%        3d18      1%          5
m - Monstrous Menagerie   Summ           45%        N/A       4%          7
n - Dispel Undead         Necr           91%        3d29      1%          4
y - Curse of Agony        Necr           91%        N/A       1%          5
X - Jinxbite              Hex            100%       N/A       0%          2
Y - Sigil of Binding      Hex            91%        N/A       0%          3
Z - Dimensional Bullseye  Hex/Tloc       45%        N/A       1%          4
Your spell library was empty.

Inventory:

Hand Weapons
 a - the +0 dagger of Immorality (weapon) {venom, ^Fragile rElec Int+5}
   (You found it in a bailey)

   Int+5:     It affects your intelligence (+5).
   rElec:     It insulates you from electricity.
   ^Fragile:  It will be destroyed if unequipped.
Armour
 x - the +2 shield of Resistance (worn) {rF++ rC++ Will++}
   (You bought it in a shop on level 4 of the Dungeon)

   rF++:      It greatly protects you from fire.
   rC++:      It greatly protects you from cold.
   Will++:    It greatly increases your willpower.
 y - a +2 pair of gloves (worn)
 z - a scarf of invisibility
 D - a +1 cloak (worn)
 H - a +0 troll leather armour (worn)
 K - a +2 hat of willpower (worn)
Magical Staves
 o - a staff of cold {!a}
 N - a staff of air {!a}
Jewellery
 c - a ring of ice
 e - a +5 ring of evasion (right hand)
 v - a ring of see invisible (left hand)
 E - a +5 ring of evasion
 O - the ring of Shadows {Umbra +Inv Stlth+}
   (You found it on level 9 of the Dungeon)

   [ring of stealth]

   Umbra:     It surrounds you with an aura of shadow, increasing your stealth
   and reducing the accuracy of all others within it.
   +Inv:      It lets you turn invisible.
   Stlth+:    It makes you more stealthy.
 T - a +4 ring of protection
 U - an amulet of reflection (around neck)
 W - a ring of willpower
Wands
 n - a wand of digging (13)
 F - a wand of charming (39)
 G - a wand of polymorph (10)
 I - a wand of flame (61)
 Q - a wand of iceblast (16)
 R - a wand of mindburst (23)
Scrolls
 b - 4 scrolls of enchant armour
 d - 4 scrolls of revelation
 l - 15 scrolls of teleportation {@r2}
 u - 3 scrolls of immolation
 B - 4 scrolls of enchant weapon
 J - 7 scrolls of poison
 M - 6 scrolls of blinking
 P - 3 scrolls of identify {@r1}
 S - 2 scrolls of vulnerability
Potions
 f - 9 potions of enlightenment
 g - 11 potions of cancellation
 h - 10 potions of curing {@q1}
 i - 2 potions of mutation
 j - 6 potions of might
 k - 2 potions of resistance
 p - 9 potions of heal wounds {@q2}
 q - 6 potions of attraction
 r - 3 potions of haste {@q3}
 s - 3 potions of lignification
 t - 5 potions of brilliance
 w - 2 potions of invisibility
 A - a potion of experience
 L - 4 potions of ambrosia
Miscellaneous
 m - a phial of floods
 C - a condenser vane

Dungeon Overview and Level Annotations

Branches:
Dungeon (15/15)            Temple (0/1) D:7            Lair (5/5) D:8
  Swamp (4/4) Lair:2       Spider (4/4) Lair:3        Slime (0/5) Lair:5
    Orc (2/2) D:12            Elf (0/3) Orc:2        Vaults (1/5) D:13
 Depths (0/4) D:15         Bailey (visited)           IceCv (visited)

Altars:
Ashenzari
Cheibriados
Dithmenos
Fedhas
Hepliaklqana
Makhleb
Nemelex Xobeh
Okawaru
Ru
Uskayaw
Yredelemnul
The Shining One
Beogh
Jiyva

Shops:
D:4 *   D:15 !   Orc:1 =   Orc:2 [![=

Portals:
Trove: D:13 (give +3 shadow dragon scales)

Annotations:
Vaults:1 Zenata

▒......▒ ▒.......... ▒......▒
▒.......... ▒......▒▒
▒▒.......... ▒.......▒
▒........... ▒.......▒▒
▒▒........... ▒........▒▒▒
▒▒▒............
▒..........▒▒▒▒▒▒▒▒..............
▒................................
▒...............@{...............
▒...............{................
▒..............{a{...............
▒................................
▒▒▒▒▒▒▒▒▒▒▒▒▒▒▒▒'▒▒▒▒▒▒▒▒▒▒▒▒▒▒▒▒
..▒ ...▒ ....▒ .....▒


You could see Zenata (inner flame) and 4 dancing weapons.


Message History

The +4 hand axe of freezing hits you!
The +4 hand axe of freezing freezes you.
You block the +3 heavy halberd's attack.
The +0 glaive of protection barely misses you.
The +4 hand axe of freezing hits you!
The +4 hand axe of freezing freezes you.
Zenata is engulfed in blazing flames.
Flame seeps out of Zenata.
Zenata casts a spell at you.
A blast of power from the earth and the adjacent constructs strikes you!
* * * LOW HITPOINT WARNING * * *
You block the +3 battleaxe of venom's attack.
Unknown command.
Casting: Bombard (mildly dangerous; 1% risk of failure)
Confirm with . or Enter, or press ? or * to list all spells.
Aiming: Bombard (mildly dangerous; 1% risk of failure)
Press: ? - help, Shift-Dir - straight line, f/p - Zenata
Aim: Zenata, wielding a +2 triple sword of flaming and wearing a +1 leather armour of willpower (almost dead, inner flame, 78% to hit)
The iron shot misses Zenata.
The blast sends you backwards.
* * * LOW HITPOINT WARNING * * *
You block the +4 hand axe of freezing's attack.
The +4 hand axe of freezing hits you!
* * * LOW HITPOINT WARNING * * *
You block the +3 heavy halberd's attack.
The +4 hand axe of freezing hits you!
* * * LOW HITPOINT WARNING * * *
Zenata casts a spell at you.
A blast of power from the earth and the adjacent constructs strikes you!
* * * LOW HITPOINT WARNING * * *
The +3 battleaxe of venom hits you!!
You die...

Skill      XL: |  1  2  3  4  5  6  7  8  9 10 11 12 13 14 15 16 17 18 19 20 |
---------------+-------------------------------------------------------------+-----
Spellcasting   | 3 4 5 6 7 9 10 11 12 14 15 16 17 18 | 18.1
Conjurations   | 3 4 5 6 7 9 10 11 12 14 15 16 17 18 | 18.1
Hexes          | 3 4 5 6 7 9 10 11 12 14 15 16 17 18 | 18.1
Summonings     | 3 4 5 6 7 9 10 11 12 14 15 16 17 18 | 18.1
Necromancy     | 3 4 5 6 7 9 10 11 12 14 15 16 17 18 | 18.1
Translocations | 3 4 5 6 7 9 10 11 12 14 15 16 17 18 | 18.1
Fire Magic     | 3 4 5 6 7 9 10 11 12 14 15 16 17 18 | 18.1
Ice Magic      | 3 4 5 6 7 9 10 11 12 14 15 16 17 18 | 18.1
Air Magic      | 3 4 5 6 7 9 10 11 12 14 15 16 17 18 | 18.1
Earth Magic    | 3 4 5 6 7 9 10 11 12 14 15 16 17 18 | 18.1
Alchemy        | 3 4 5 6 7 9 10 11 12 14 15 16 17 18 | 18.1
Fighting       | 2 3 4 5 7 9 11 13 14 16 18 19 21 22 23 | 23.1
Shields        | 8 10 12 | 12.4
Ranged Weapons | |  1.5
Dodging        | |  2.1

Action                     |  1- 3 |  4- 6 |  7- 9 | 10-12 | 13-15 | 16-18 | 19-21 || total
---------------------------+-------+-------+-------+-------+-------+-------+-------++-------
  Melee: Unarmed           |       |       |       |    10 |       |       |       ||    10
         Dagger            |       |       |       |       |       |    16 |     2 ||    18
   Fire: Sling             |    62 |    62 |    47 |    27 |       |       |       ||   198
   Cast: Jinxbite          |    10 |    20 |       |       |       |       |       ||    30
         Inner Flame       |       |     1 |    78 |   145 |   108 |   303 |   144 ||   779
         Scorch            |       |     4 |   108 |   220 |     7 |       |       ||   339
         Cause Fear        |       |       |     3 |    39 |     5 |    12 |     2 ||    61
         Necrotise         |       |       |     2 |     4 |       |       |       ||     6
         Swiftness         |       |       |       |     2 |       |       |       ||     2
         Bombard           |       |       |       |       |   149 |   327 |   142 ||   618
         Fireball          |       |       |       |       |    25 |   389 |   241 ||   655
  Evoke: Wand              |       |       |       |     7 |     1 |     1 |       ||     9
    Use: Scroll            |       |     1 |     8 |    20 |     3 |     5 |       ||    37
         Potion            |       |       |       |     1 |     5 |     3 |       ||     9
 Armour: Robe              |     8 |     6 |    43 |   172 |   101 |    78 |       ||   408
         Skin              |       |       |       |     1 |       |       |       ||     1
         Troll leather arm |       |       |       |       |       |   270 |   131 ||   401
  Dodge: Dodged            |    12 |    32 |    45 |   146 |    73 |   202 |    44 ||   554
  Block: Kite shield       |       |       |       |       |    49 |   424 |   144 ||   617
         Reflection        |       |       |       |       |     1 |    32 |    12 ||    45

Levels and vault maps discovered:
D:1:      dpeg_arrival_more_subterranean_lakeside_camping, layout_loops_corners,
          basic_ecumenical_altar
D:2:      layout_rooms
D:3:      layout_loops_corners, minmay_misc_feat_rows,
          hangedman_decor_slide_cut, uniq_grinder
D:4:      layout_basic, kennysheep_okawaru_gauntlet, serial_shops, shop,
          uniq_duvessa, uniq_natasha
D:5:      layout_loops_cross, kennysheep_mini_moat
D:6:      layout_loops_cross, nicolae_uskayaw_dance_hall,
          makhleb_altar_promises_db, nicolae_overflow_crystal_walls,
          minmay_small_thing, uniq_jeremiah, uniq_sigmund, uniq_edmund,
          uniq_menkaure, uniq_eustachio
D:7:      layout_basic, regret_index_kikubaaqudgha_part_by_part,
          minmay_temple_entry_drinking_statues, enter_bailey_5
D:8:      layout_gridville, chequers_temple_overflow_statue_of_worship,
          mainiacjoe_overflow_24_doors, nicolae_overflow_two_pavilions,
          lair_entry_dummy
D:9:      layout_rooms, gammafunk_ghost_grave, kennysheep_generic_room_12
D:10:     layout_basic, riverfiend_overflow_shadow_ancestor,
          mainiacjoe_overflow_brackets, chequers_serial_rivers_large_b
D:11:     layout_rooms
D:12:     layout_cave_pools, david_orc_1_choice, small_statue_intersection
D:13:     layout_irregular_city, david_vaults_1, enter_trove_6
D:14:     layout_stronghold
D:15:     hangedman_depths_entry_try_elsewhere_first, layout_stronghold,
          serial_rivers, chequers_serial_rivers_micro_a,
          chequers_serial_rivers_small_3, chequers_serial_rivers_small_3,
          chequers_serial_rivers_micro_c, serial_bayou_shore_b,
          maelrawn_ghost_gauntlet_escape, serial_shops, shop
Lair:1:   statuecave_lemuel, layout_misc_corridors, serial_bayou_shore_b
Lair:2:   layout_small_grid, skrybe_swamp_entry_bodies,
          portal_ice_cave_entry_ice_simulacra, grunt_megastairs_2,
          serial_bayou_shore_b, serial_bayou_shore_a
Lair:3:   layout_big_grid, hellmonk_spider_entry_not_the_bees, minmay_holes,
          infiniplex_staircase_pool_2
Lair:4:   layout_small_grid, uniq_urug
Lair:5:   cheibrodos_lair_end_hotspot, layout_loops_ring,
          dpeg_slime_entry_enclosed, minivault_11, st_stairs_5,
          bobbens_dragon_lair_wall
Swamp:1:  layout_falls_marsh, evilmike_swamp_ruin_house_2, swamp_pool_1_2
Swamp:2:  layout_falls_marsh, hangedman_swamp_ruin_wall
Swamp:3:  layout_basic_swamp, evilmike_swamp_ruin_rubble_1
Swamp:4:  swamp_vile, layout_basic_swamp, nicolae_swamp_triple_paths
Spider:1: layout_spider_delve, hellmonk_narrow_tunnel
Spider:2: nicolae_spider_brood_tunnel
Spider:3: layout_spider_delve
Spider:4: grunt_spider_rune_circles, nicolae_arachne_temple
Orc:1:    layout_caves, serial_shops, nicolae_diamond_shop,
          hangedman_minor_magic
Orc:2:    kennysheep_orc_mage_school, layout_caves, uniq_jorgrun
Vaults:1: ontoclasm_vaults_ring_large, nicolae_vaults_little_ls,
          vaults_dpeg_diagonal, nicolae_vaults_trapezoid_1, vaults_room_pools,
          v_misc_14, nicolae_vaults_closet_pinwheel_5,
          ontoclasm_vaults_claustrophobia, v_misc_2, v_misc_11,
          grunt_vaults_trifunnel, minmay_orc_keep,
          nicolae_vaults_sealed_display, nicolae_vaults_double_plus_2,
          nicolae_vaults_tetromino_L_1, layout_vaults_omnibox, uniq_zenata

Notes
Turn   | Place    | Note
-------+----------+-------------------------------------------
     0 | D:1      | cforsyth the Djinni Hexslinger began the quest for the Orb.
     0 | D:1      | cforsyth set off with the following spells memorised:
                  | Jinxbite, Sigil of Binding, Inner Flame, Cause Fear,
                  | Dimensional Bullseye.
     0 | D:1      | Reached XP level 1. HP: 17/17 MP: 0/0
    58 | D:1      | Reached XP level 2. HP: 22/22 MP: 0/0
   121 | D:1      | Found a faded altar of an unknown god.
   124 | D:1      | Reached skill level 3 in Spellcasting
   124 | D:1      | Reached skill level 3 in Conjurations
   124 | D:1      | Reached skill level 3 in Hexes
   124 | D:1      | Reached skill level 3 in Summonings
   124 | D:1      | Reached skill level 3 in Necromancy
   124 | D:1      | Reached skill level 3 in Translocations
   124 | D:1      | Reached skill level 3 in Fire Magic
   124 | D:1      | Reached skill level 3 in Ice Magic
   124 | D:1      | Reached skill level 3 in Air Magic
   124 | D:1      | Reached skill level 3 in Earth Magic
   124 | D:1      | Reached skill level 3 in Alchemy
   154 | D:1      | Reached skill level 2 in Fighting
   154 | D:1      | Reached XP level 3. HP: 28/28 MP: 0/0
   154 | D:1      | Learned a level 1 spell: Necrotise
   453 | D:1      | Reached XP level 4. HP: 33/34 MP: 0/0
   613 | D:1      | You are sucked into a shaft and drop 1 floor!
  1027 | D:2      | Reached skill level 3 in Fighting
  1033 | D:2      | Reached XP level 5. HP: 18/40 MP: 0/0
  1033 | D:2      | Learned a level 2 spell: Scorch
  1716 | D:3      | Noticed Grinder
  1721 | D:3      | Killed Grinder
  1722 | D:3      | Reached skill level 4 in Fighting
  1722 | D:3      | Reached skill level 4 in Spellcasting
  1722 | D:3      | Reached skill level 4 in Conjurations
  1722 | D:3      | Reached skill level 4 in Hexes
  1722 | D:3      | Reached skill level 4 in Summonings
  1722 | D:3      | Reached skill level 4 in Necromancy
  1722 | D:3      | Reached skill level 4 in Translocations
  1722 | D:3      | Reached skill level 4 in Fire Magic
  1722 | D:3      | Reached skill level 4 in Ice Magic
  1722 | D:3      | Reached skill level 4 in Air Magic
  1722 | D:3      | Reached skill level 4 in Earth Magic
  1722 | D:3      | Reached skill level 4 in Alchemy
  1722 | D:3      | Reached XP level 6. HP: 22/48 MP: 0/0
  2635 | D:4      | Reached XP level 7. HP: 49/53 MP: 0/0
  2635 | D:4      | Learned a level 3 spell: Swiftness
  2666 | D:4      | Noticed Natasha
  2672 | D:4      | Killed Natasha
  2673 | D:4      | Reached skill level 5 in Fighting
  2769 | D:4      | Noticed Natasha
  2773 | D:4      | Killed Natasha
  2869 | D:4      | Noticed Natasha
  2872 | D:4      | Killed Natasha
  2983 | D:4      | Noticed Dowan
  2984 | D:4      | Noticed Duvessa
  2987 | D:4      | Killed Dowan
  2989 | D:4      | Killed Duvessa
  2990 | D:4      | Reached skill level 5 in Spellcasting
  2990 | D:4      | Reached skill level 5 in Conjurations
  2990 | D:4      | Reached skill level 5 in Hexes
  2990 | D:4      | Reached skill level 5 in Summonings
  2990 | D:4      | Reached skill level 5 in Necromancy
  2990 | D:4      | Reached skill level 5 in Translocations
  2990 | D:4      | Reached skill level 5 in Fire Magic
  2990 | D:4      | Reached skill level 5 in Ice Magic
  2990 | D:4      | Reached skill level 5 in Air Magic
  2990 | D:4      | Reached skill level 5 in Earth Magic
  2990 | D:4      | Reached skill level 5 in Alchemy
  3228 | D:4      | Found Leinuzot's General Store.
  3336 | D:4      | Reached XP level 8. HP: 59/61 MP: 0/0
  3586 | D:4      | Found an iron altar of Okawaru.
  3612 | D:5      | Entered Level 5 of the Dungeon
  3617 | D:5      | Reached skill level 6 in Fighting
  4190 | D:5      | Reached skill level 7 in Fighting
  4566 | D:5      | Found a basalt altar of Yredelemnul.
  4878 | D:6      | Reached skill level 6 in Spellcasting
  4878 | D:6      | Reached skill level 6 in Conjurations
  4878 | D:6      | Reached skill level 6 in Hexes
  4878 | D:6      | Reached skill level 6 in Summonings
  4878 | D:6      | Reached skill level 6 in Necromancy
  4878 | D:6      | Reached skill level 6 in Translocations
  4878 | D:6      | Reached skill level 6 in Fire Magic
  4878 | D:6      | Reached skill level 6 in Ice Magic
  4878 | D:6      | Reached skill level 6 in Air Magic
  4878 | D:6      | Reached skill level 6 in Earth Magic
  4878 | D:6      | Reached skill level 6 in Alchemy
  4884 | D:6      | Noticed Jeremiah
  4993 | D:6      | Reached XP level 9. HP: 64/68 MP: 0/0
  4993 | D:6      | Learned a level 4 spell: Dispel Undead
  5184 | D:6      | Reached skill level 8 in Fighting
  5601 | D:6      | Noticed Eustachio
  5607 | D:6      | Killed Eustachio
  5608 | D:6      | Reached skill level 7 in Spellcasting
  5608 | D:6      | Reached skill level 7 in Conjurations
  5608 | D:6      | Reached skill level 7 in Hexes
  5608 | D:6      | Reached skill level 7 in Summonings
  5608 | D:6      | Reached skill level 7 in Necromancy
  5608 | D:6      | Reached skill level 7 in Translocations
  5608 | D:6      | Reached skill level 7 in Fire Magic
  5608 | D:6      | Reached skill level 7 in Ice Magic
  5608 | D:6      | Reached skill level 7 in Air Magic
  5608 | D:6      | Reached skill level 7 in Earth Magic
  5608 | D:6      | Reached skill level 7 in Alchemy
  5612 | D:6      | Noticed Edmund
  5737 | D:5      | Killed Edmund
  6105 | D:6      | Reached skill level 9 in Fighting
  6159 | D:6      | Noticed Menkaure
  6163 | D:6      | Killed Menkaure
  6170 | D:6      | Noticed Sigmund
  6959 | D:6      | Killed Jeremiah
  6960 | D:6      | Reached XP level 10. HP: 51/79 MP: 0/0
  7073 | D:6      | Found a hide-covered altar of Uskayaw.
  7077 | D:6      | Killed Sigmund
  7162 | D:6      | Reached skill level 10 in Fighting
  7272 | D:6      | Found a sacrificial altar of Ru.
  7385 | D:6      | Reached skill level 8 in Spellcasting
  7385 | D:6      | Reached skill level 8 in Conjurations
  7385 | D:6      | Reached skill level 8 in Hexes
  7385 | D:6      | Reached skill level 8 in Summonings
  7385 | D:6      | Reached skill level 8 in Necromancy
  7385 | D:6      | Reached skill level 8 in Translocations
  7385 | D:6      | Reached skill level 8 in Fire Magic
  7385 | D:6      | Reached skill level 8 in Ice Magic
  7385 | D:6      | Reached skill level 8 in Air Magic
  7385 | D:6      | Reached skill level 8 in Earth Magic
  7385 | D:6      | Reached skill level 8 in Alchemy
  7434 | D:6      | Found a burning altar of Makhleb.
  7434 | D:6      | Noticed a balrug
  7437 | D:6      | Noticed a smoke demon
  7437 | D:6      | Noticed a smoke demon
  8040 | D:7      | Found a staircase to the Ecumenical Temple.
  8386 | D:7      | Found a flagged portal.
  8395 | Bailey   | Entered a bailey
  8593 | Bailey   | Identified a +0 crystal plate armour
  8593 | Bailey   | Noticed an orc warlord
  8884 | Bailey   | Found a runed translucent gate.
  8887 | Bailey   | Found a runed translucent gate.
  8888 | Bailey   | Found a runed translucent gate.
  9349 | Bailey   | Killed an orc warlord
  9350 | Bailey   | Reached skill level 11 in Fighting
  9433 | Bailey   | Identified the +0 dagger of Immorality {venom, ^Fragile
                  | rElec Int+5}
 10604 | D:8      | Identified the +0 quarterstaff "Narghita" {venom, Will+
                  | MP-9 Str+3}
 11009 | D:8      | Found a snail-covered altar of Cheibriados.
 11009 | D:8      | Found a blossoming altar of Fedhas.
 11092 | D:8      | Reached skill level 9 in Spellcasting
 11092 | D:8      | Reached skill level 9 in Conjurations
 11092 | D:8      | Reached skill level 9 in Hexes
 11092 | D:8      | Reached skill level 9 in Summonings
 11092 | D:8      | Reached skill level 9 in Necromancy
 11092 | D:8      | Reached skill level 9 in Translocations
 11092 | D:8      | Reached skill level 9 in Fire Magic
 11092 | D:8      | Reached skill level 9 in Ice Magic
 11092 | D:8      | Reached skill level 9 in Air Magic
 11092 | D:8      | Reached skill level 9 in Earth Magic
 11092 | D:8      | Reached skill level 9 in Alchemy
 11092 | D:8      | Reached XP level 11. HP: 72/87 MP: 0/0
 11092 | D:8      | Learned a level 5 spell: Curse of Agony
 11214 | D:8      | Found a staircase to the Lair.
 11401 | D:8      | Found a sparkling altar of Nemelex Xobeh.
 11404 | D:8      | Found a broken altar of Ashenzari.
 11873 | D:9      | Noticed a two-headed ogre
 12263 | D:9      | Killed a two-headed ogre
 12264 | D:9      | Reached skill level 12 in Fighting
 12286 | D:9      | Found a runed translucent door.
 12286 | D:9      | Noticed Gangsterbeez's ghost (novice MiFi)
 12286 | D:9      | Found the ring of Shadows {Umbra +Inv Stlth+}
 12489 | D:10     | Entered Level 10 of the Dungeon
 12652 | D:10     | Found a glowing golden altar of the Shining One.
 13544 | D:10     | Reached skill level 10 in Spellcasting
 13544 | D:10     | Reached skill level 10 in Conjurations
 13544 | D:10     | Reached skill level 10 in Hexes
 13544 | D:10     | Reached skill level 10 in Summonings
 13544 | D:10     | Reached skill level 10 in Necromancy
 13544 | D:10     | Reached skill level 10 in Translocations
 13544 | D:10     | Reached skill level 10 in Fire Magic
 13544 | D:10     | Reached skill level 10 in Ice Magic
 13544 | D:10     | Reached skill level 10 in Air Magic
 13544 | D:10     | Reached skill level 10 in Earth Magic
 13544 | D:10     | Reached skill level 10 in Alchemy
 13895 | D:10     | Found a hazy altar of Hepliaklqana.
 13905 | D:10     | Found a shadowy altar of Dithmenos.
 13982 | D:11     | Noticed a manticore
 13987 | D:11     | Killed a manticore
 13990 | D:11     | Noticed a brown ugly thing
 13994 | D:11     | Killed a brown ugly thing
 13995 | D:11     | Reached skill level 13 in Fighting
 14156 | D:11     | Reached XP level 12. HP: 81/98 MP: 0/0
 14788 | D:12     | Found a staircase to the Orcish Mines.
 15926 | D:12     | Noticed a boulder beetle
 16562 | D:13     | Noticed an arcanist
 16562 | D:13     | Noticed a death knight
 16580 | D:13     | Noticed a catoblepas
 17085 | D:13     | Reached skill level 14 in Fighting
 17085 | D:13     | Reached skill level 11 in Spellcasting
 17085 | D:13     | Reached skill level 11 in Conjurations
 17085 | D:13     | Reached skill level 11 in Hexes
 17085 | D:13     | Reached skill level 11 in Summonings
 17085 | D:13     | Reached skill level 11 in Necromancy
 17085 | D:13     | Reached skill level 11 in Translocations
 17085 | D:13     | Reached skill level 11 in Fire Magic
 17085 | D:13     | Reached skill level 11 in Ice Magic
 17085 | D:13     | Reached skill level 11 in Air Magic
 17085 | D:13     | Reached skill level 11 in Earth Magic
 17085 | D:13     | Reached skill level 11 in Alchemy
 17195 | D:13     | Killed a catoblepas
 17443 | D:13     | Killed an arcanist
 17652 | Lair:1   | Entered Level 1 of the Lair of Beasts
 18365 | Lair:1   | Noticed a boulder beetle
 18384 | Lair:2   | Identified 2 potions of resistance
 18403 | Lair:2   | You are sucked into a shaft and drop 1 floor!
 18567 | Lair:2   | Found a staircase to the Swamp.
 18594 | Lair:2   | Found a frozen archway.
 18606 | IceCv    | Entered an ice cave
 18611 | IceCv    | Found a transporter.
 18614 | IceCv    | Reached XP level 13. HP: 13/106 MP: 0/0
 18614 | IceCv    | Learned a level 5 spell: Fireball
 18618 | IceCv    | HP: 1/106 [spore (15)]
 18985 | IceCv    | Found a transporter.
 19100 | IceCv    | Reached skill level 8 in Shields
 19100 | IceCv    | Reached XP level 14. HP: 112/112 MP: 0/0
 19101 | IceCv    | Reached skill level 10 in Shields
 19101 | IceCv    | Reached XP level 15. HP: 118/118 MP: 0/0
 19101 | IceCv    | Learned a level 6 spell: Bombard
 20207 | Lair:2   | Reached skill level 15 in Fighting
 21423 | Lair:2   | Reached skill level 12 in Spellcasting
 21423 | Lair:2   | Reached skill level 12 in Conjurations
 21423 | Lair:2   | Reached skill level 12 in Hexes
 21423 | Lair:2   | Reached skill level 12 in Summonings
 21423 | Lair:2   | Reached skill level 12 in Necromancy
 21423 | Lair:2   | Reached skill level 12 in Translocations
 21423 | Lair:2   | Reached skill level 12 in Fire Magic
 21423 | Lair:2   | Reached skill level 12 in Ice Magic
 21423 | Lair:2   | Reached skill level 12 in Air Magic
 21423 | Lair:2   | Reached skill level 12 in Earth Magic
 21423 | Lair:2   | Reached skill level 12 in Alchemy
 21581 | Lair:2   | Identified the serpent talisman "Cuufor" {rN+ Str+4 Stlth+}
 23389 | Lair:3   | Found a hole to the Spider Nest.
 23394 | Lair:3   | Identified a scroll of acquirement
 23396 | Lair:3   | Acquired 705 gold pieces
 23544 | D:4      | Bought the +2 shield of Resistance {rF++ rC++ Will++} for
                  | 705 gold pieces
 23544 | D:4      | Found the +2 shield of Resistance {rF++ rC++ Will++}
 24397 | Lair:4   | Reached skill level 11 in Shields
 25194 | Lair:4   | Noticed Urug
 25201 | Lair:4   | Killed Urug
 25989 | Lair:4   | Reached skill level 16 in Fighting
 26733 | Lair:5   | Entered Level 5 of the Lair of Beasts
 28273 | Lair:5   | Reached skill level 12 in Shields
 28273 | Lair:5   | Reached XP level 16. HP: 92/129 MP: 0/0
 28682 | Lair:5   | Reached skill level 13 in Spellcasting
 28682 | Lair:5   | Reached skill level 13 in Conjurations
 28682 | Lair:5   | Reached skill level 13 in Hexes
 28682 | Lair:5   | Reached skill level 13 in Summonings
 28682 | Lair:5   | Reached skill level 13 in Necromancy
 28682 | Lair:5   | Reached skill level 13 in Translocations
 28682 | Lair:5   | Reached skill level 13 in Fire Magic
 28682 | Lair:5   | Reached skill level 13 in Ice Magic
 28682 | Lair:5   | Reached skill level 13 in Air Magic
 28682 | Lair:5   | Reached skill level 13 in Earth Magic
 28682 | Lair:5   | Reached skill level 13 in Alchemy
 28980 | Lair:5   | Found a viscous altar of Jiyva.
 28981 | Lair:5   | Found a staircase to the Slime Pits.
 30188 | Lair:5   | Found a large runed translucent door.
 30189 | Lair:5   | Found a large runed translucent door.
 31446 | Orc:1    | Entered Level 1 of the Orcish Mines
 31453 | Orc:1    | Reached skill level 17 in Fighting
 32354 | Orc:2    | Entered Level 2 of the Orcish Mines
 33164 | Orc:2    | Found a staircase to the Elven Halls.
 33707 | Orc:2    | Found Iroziaf's Jewellery Boutique.
 33949 | Orc:2    | Found a roughly hewn altar of Beogh.
 33949 | Orc:2    | Found Conon's Antique Armour Shop.
 33969 | Orc:2    | Found Behacw's Distillery.
 34049 | Orc:2    | Bought a potion of heal wounds for 75 gold pieces
 34123 | Orc:2    | Found Huenij's Antique Armour Shop.
 34133 | Orc:2    | Bought a brightly glowing robe for 205 gold pieces
 34133 | Orc:2    | Identified the +1 robe "Riatwafuf" {Int+2} (You bought it
                  | in a shop on level 2 of the Orcish Mines)
 34256 | Orc:2    | Noticed Jorgrun
 34261 | Orc:2    | Killed Jorgrun
 34614 | Orc:1    | Found Ethruri's Jewellery Shoppe.
 35251 | D:9      | Killed Gangsterbeez's ghost
 35546 | D:13     | Found a portal to a secret trove of treasure.
 35652 | D:13     | Found a gate to the Vaults.
 36037 | D:13     | Reached skill level 14 in Spellcasting
 36037 | D:13     | Reached skill level 14 in Conjurations
 36037 | D:13     | Reached skill level 14 in Hexes
 36037 | D:13     | Reached skill level 14 in Summonings
 36037 | D:13     | Reached skill level 14 in Necromancy
 36037 | D:13     | Reached skill level 14 in Translocations
 36037 | D:13     | Reached skill level 14 in Fire Magic
 36037 | D:13     | Reached skill level 14 in Ice Magic
 36037 | D:13     | Reached skill level 14 in Air Magic
 36037 | D:13     | Reached skill level 14 in Earth Magic
 36037 | D:13     | Reached skill level 14 in Alchemy
 36673 | D:14     | Reached skill level 18 in Fighting
 36790 | D:14     | Reached XP level 17. HP: 111/138 MP: 0/0
 36790 | D:14     | Learned a level 6 spell: Starburst
 37456 | D:15     | Entered Level 15 of the Dungeon
 37662 | D:15     | Noticed Kiusm's ghost (journeyman DsGl)
 37688 | D:15     | Found a runed translucent gate.
 37688 | D:15     | Found a runed translucent gate.
 37689 | D:15     | Found a runed translucent gate.
 38220 | D:15     | Found Val Dyth's Distillery.
 38227 | D:15     | Bought a potion of cancellation for 120 gold pieces
 38343 | D:15     | Found a staircase to the Depths.
 38674 | Spider:1 | Entered Level 1 of the Spider Nest
 40394 | Spider:1 | Reached skill level 19 in Fighting
 41380 | Spider:1 | Reached skill level 15 in Spellcasting
 41380 | Spider:1 | Reached skill level 15 in Conjurations
 41380 | Spider:1 | Reached skill level 15 in Hexes
 41380 | Spider:1 | Reached skill level 15 in Summonings
 41380 | Spider:1 | Reached skill level 15 in Necromancy
 41380 | Spider:1 | Reached skill level 15 in Translocations
 41380 | Spider:1 | Reached skill level 15 in Fire Magic
 41380 | Spider:1 | Reached skill level 15 in Ice Magic
 41380 | Spider:1 | Reached skill level 15 in Air Magic
 41380 | Spider:1 | Reached skill level 15 in Earth Magic
 41380 | Spider:1 | Reached skill level 15 in Alchemy
 43301 | Spider:2 | Reached XP level 18. HP: 138/148 MP: 0/0
 44216 | Spider:3 | Reached skill level 20 in Fighting
 44869 | Spider:4 | Entered Level 4 of the Spider Nest
 46031 | Spider:4 | Reached skill level 16 in Spellcasting
 46031 | Spider:4 | Reached skill level 16 in Conjurations
 46031 | Spider:4 | Reached skill level 16 in Hexes
 46031 | Spider:4 | Reached skill level 16 in Summonings
 46031 | Spider:4 | Reached skill level 16 in Necromancy
 46031 | Spider:4 | Reached skill level 16 in Translocations
 46031 | Spider:4 | Reached skill level 16 in Fire Magic
 46031 | Spider:4 | Reached skill level 16 in Ice Magic
 46031 | Spider:4 | Reached skill level 16 in Air Magic
 46031 | Spider:4 | Reached skill level 16 in Earth Magic
 46031 | Spider:4 | Reached skill level 16 in Alchemy
 47222 | Spider:4 | HP: 13/151 [disintegration (62)]
 47412 | Spider:4 | Reached skill level 21 in Fighting
 47505 | Spider:4 | Reached XP level 19. HP: 146/158 MP: 0/0
 47505 | Spider:4 | Learned a level 7 spell: Monstrous Menagerie
 47705 | Spider:4 | Got a gossamer rune of Zot
 47814 | Spider:4 | Noticed Arachne
 47833 | Spider:4 | Killed Arachne
 48271 | Swamp:1  | Entered Level 1 of the Swamp
 49632 | Swamp:2  | Identified the +0 hand axe of Atolulipn {freeze, +Blink
                  | Will+ Str-5 Dex+3}
 49775 | Swamp:3  | Reached skill level 17 in Spellcasting
 49775 | Swamp:3  | Reached skill level 17 in Conjurations
 49775 | Swamp:3  | Reached skill level 17 in Hexes
 49775 | Swamp:3  | Reached skill level 17 in Summonings
 49775 | Swamp:3  | Reached skill level 17 in Necromancy
 49775 | Swamp:3  | Reached skill level 17 in Translocations
 49775 | Swamp:3  | Reached skill level 17 in Fire Magic
 49775 | Swamp:3  | Reached skill level 17 in Ice Magic
 49775 | Swamp:3  | Reached skill level 17 in Air Magic
 49775 | Swamp:3  | Reached skill level 17 in Earth Magic
 49775 | Swamp:3  | Reached skill level 17 in Alchemy
 50021 | Swamp:3  | Noticed a tentacled monstrosity
 50029 | Swamp:3  | Killed a tentacled monstrosity
 50550 | Swamp:4  | Entered Level 4 of the Swamp
 50791 | Swamp:4  | Reached skill level 22 in Fighting
 51670 | Swamp:4  | Reached XP level 20. HP: 97/168 MP: 0/0
 52720 | Swamp:4  | Got a decaying rune of Zot
 53191 | D:14     | Killed Kiusm's ghost
 53714 | Vaults:1 | Entered Level 1 of the Vaults
 54351 | D:13     | Paralysed by you for 1 turns
 54867 | Vaults:1 | Reached skill level 18 in Spellcasting
 54867 | Vaults:1 | Reached skill level 18 in Conjurations
 54867 | Vaults:1 | Reached skill level 18 in Hexes
 54867 | Vaults:1 | Reached skill level 18 in Summonings
 54867 | Vaults:1 | Reached skill level 18 in Necromancy
 54867 | Vaults:1 | Reached skill level 18 in Translocations
 54867 | Vaults:1 | Reached skill level 18 in Fire Magic
 54867 | Vaults:1 | Reached skill level 18 in Ice Magic
 54867 | Vaults:1 | Reached skill level 18 in Air Magic
 54867 | Vaults:1 | Reached skill level 18 in Earth Magic
 54867 | Vaults:1 | Reached skill level 18 in Alchemy
 54982 | Vaults:1 | Reached skill level 23 in Fighting
 55433 | Vaults:1 | Noticed Zenata
 55441 | Vaults:1 | HP: 11/170 [Zenata/a resonance strike (34)]
 55441 | Vaults:1 | Mangled by a +3 battleaxe of venom

Vanquished Creatures
  Arachne (Spider:4)
  A tentacled monstrosity (Swamp:3)
  Jorgrun (Orc:2)
  2 thorn hunters
  8 emperor scorpions
  3 ghost moths
  The ghost of Kiusm the Bludgeoner, a journeyman DsGl of Hepliaklqana (D:14)
  3 orc warlords
  6 broodmothers
  An ironbound thunderhulk (Vaults:1)
  2 ironbound preservers (Vaults:1)
  A ghoul (Swamp:1)
  4 very ugly things
  2 eleionomae
  3 bunyips
  A dire elephant (D:15)
  A minotaur (D:15)
  4 spark wasps
  2 green deaths (Swamp:4)
  2 fire dragons (Lair:5)
  5 entropy weavers
  A hell beast (Swamp:3)
  A yaktaur captain (Vaults:1)
  3 great orbs of eyes
  8 hydras
  A jorogumo (Spider:2)
  A catoblepas (D:13)
  The ghost of Gangsterbeez the Fighter, a novice MiFi (D:9)
  3 ogre magi (Orc:2)
  2 centaur warriors
  A ghost crab (Swamp:2)
  An ironbound frostheart (Vaults:1)
  3 radroaches
  6 boulder beetles
  A death knight (D:13)
  9 alligators
  6 demonic crawlers
  A two-headed ogre (D:9)
  A tengu warrior (D:15)
  4 orc high priests
  4 death yaks (Lair:4)
  A thrashing horror (Swamp:4)
  Urug (Lair:4)
  A fire crab (Lair:5)
  6 goliath frogs
  8 pharaoh ants
  3 spriggan druids
  A death drake (Swamp:4)
  8 bog bodies
  8 orc knights
  12 steelbarb worms
  10 orb spiders
  2 arcanists
  An orange crystal statue (Lair:1)
  4 sun moths (Spider:1)
  10 lindwurms (Vaults:1)
  7 swamp dragons
  2 ironbound convokers (Vaults:1)
  8 orc sorcerers
  3 deep elf pyromancers
  A necromancer (Vaults:1)
  A human zombie (Vaults:1)
  30 wolf spiders
  23 ugly things
  2 deep elf zephyrmancers (Orc:1)
  An oklob plant (Lair:2)
  6 cyclopes
  5 will-o-the-wisps
  A stone giant zombie (Vaults:1)
  4 manticores
  3 moths of wrath
  19 elephants
  2 kobold blastminers (Orc:2)
  A stone giant skeleton (Vaults:1)
  A salamander (D:15)
  A water nymph (D:15)
  5 meliai
  2 molten gargoyles (Lair:5)
  2 ice statues (IceCv)
  7 black mambas
  4 orange demons
  11 cane toads
  5 torpor snails
  3 rime drakes
  Jeremiah (D:6)
  10 komodo dragons
  A freezing wraith (D:14)
  An anaconda simulacrum (IceCv)
  2 polar bears
  31 tarantellas
  5 hornets
  A bloated husk (Swamp:1)
  2 trolls
  8 tyrant leeches
  Grinder (D:3)
  2 dream sheep
  Sigmund (D:6)
  A human simulacrum (Vaults:1)
  27 jumping spiders
  26 slime creatures
  19 culicivoras
  3 shadows
  A spriggan (shapeshifter) (D:13)
  5 spriggans
  A vampire (D:12)
  5 wyverns
  Eustachio (D:6)
  34 yaks
  A wraith (D:12)
  5 basilisks
  11 steam dragons
  11 vampire mosquitoes
  2 wargs (Orc:2)
  80 redbacks
  Menkaure (D:6)
  A death yak simulacrum (Lair:2)
  4 acid dragons
  Edmund (D:5)
  5 swamp worms
  A glowing shapeshifter zombie (Vaults:1)
  4 hell hounds (Lair:5)
  Duvessa (D:4)
  10 water moccasins
  A swamp drake (Orc:1)
  34 orc warriors
  2 black bears
  An ice beast (D:5)
  2 laughing skulls (D:15)
  11 ogres
  32 wolves
  12 centaurs
  2 kobold brigands
  2 phantoms (D:6)
  11 bullfrogs
  3 scorpions
  2 necrophages (Swamp:1)
  A gnoll sergeant (D:6)
  A cane toad simulacrum (IceCv)
  6 wights (D:10)
  A burial acolyte (D:7)
  Dowan (D:4)
  2 killer bees (Lair:3)
  2 elephant simulacra (IceCv)
  6 electric eels
  4 howler monkeys
  A crimson imp (Orc:1)
  A bombardier beetle (D:5)
  6 lava snakes
  8 hounds
  11 orc priests
  2 jellies
  A sleepcap (D:6)
  An iron imp (Orc:1)
  4 iguanas
  Natasha (thrice) (D:4)
  39 orc wizards
  7 hell rats (Lair:2)
  A hound zombie (D:7)
  9 gnolls
  5 adders
  3 shadow imps
  3 white imps
  2 ufetubi (D:6)
  2 adder zombies (D:7)
  A dart slug (D:1)
  88 orcs
  6 endoplasms
  A giant cockroach (D:1)
  3 gnoll zombies (D:7)
  15 goblins
  14 hobgoblins
  4 jackals (D:2)
  22 kobolds
  2 quokkas
  5 ball pythons
  6 bats (D:1)
  4 frilled lizards
  7 rats
1101 creatures vanquished.

Vanquished Creatures (others)
  An orc wizard (Orc:1)
  4 orcs
  9 foxfires
14 creatures vanquished.

Grand Total: 1115 creatures vanquished

Table legend: (Time is in decaauts)
 A = Elapsed time spent in this place.
 B = Non-inter-level travel time spent in this place.
 C = Inter-level travel time spent in this place.
 D = Time resting spent in this place.
 E = Time spent auto-exploring this place.
 F = Levels seen in this place.
 G = Mean time per level.
                   A        B        C        D        E       F      G
               +--------+--------+--------+--------+--------+-----+--------+
         Total |  55647 |  52885 |   2762 |  17631 |  26739 |  33 | 1686.3 |
       Dungeon |  22734 |  21146 |   1588 |   5215 |  12737 |  15 | 1515.6 |
          Lair |  11618 |  11080 |    538 |   2784 |   6645 |   5 | 2323.6 |
         Swamp |   4303 |   4179 |    124 |   1591 |   1882 |   4 | 1075.8 |
   Spider Nest |   9623 |   9173 |    450 |   4922 |   2534 |   4 | 2405.8 |
  Orcish Mines |   3538 |   3479 |     59 |   1041 |   1915 |   2 | 1769.0 |
        Vaults |   1179 |   1179 |      0 |    273 |    646 |   1 | 1179.0 |
        Bailey |   1076 |   1076 |      0 |    391 |    380 |   1 | 1076.0 |
      Ice Cave |   1572 |   1572 |      0 |   1414 |      0 |   1 | 1572.0 |
               +--------+--------+--------+--------+--------+-----+--------+

Top non-repeatable levels by time:
Spider:1: 4334 daAuts
  Lair:5: 3347 daAuts
Spider:3: 2559 daAuts
  Lair:4: 2533 daAuts
     D:8: 2513 daAuts
  Lair:2: 2385 daAuts
     D:5: 2122 daAuts
  Lair:3: 2073 daAuts
    D:13: 1985 daAuts
   Orc:2: 1884 daAuts
    D:12: 1818 daAuts
     D:6: 1790 daAuts
    D:10: 1736 daAuts
Spider:4: 1699 daAuts
   Orc:1: 1654 daAuts

Table legend:
 A = Non-vault XP
 B = Vault XP
 C = Vault XP percentage of total XP
 D = Non-vault monster count
 E = Vault monster count
 F = Vault count percentage of total count
                 A         B        C        D         E       F
            +---------+---------+-------+---------+---------+-------
      Total |  206991 |  131265 |  38.8 |     767 |     339 |  30.7
            +---------+---------+-------+---------+---------+-------
        D:1 |      86 |       0 |   0.0 |      32 |       0 |   0.0
        D:2 |     105 |       0 |   0.0 |      21 |       0 |   0.0
        D:3 |      24 |     268 |  91.8 |       5 |       1 |  16.7
        D:4 |     299 |     258 |  46.3 |      20 |       5 |  20.0
        D:5 |     663 |     165 |  19.9 |      20 |       1 |   4.8
        D:6 |    1462 |    1395 |  48.8 |      30 |       6 |  16.7
        D:7 |     544 |     151 |  21.7 |      12 |      13 |  52.0
        D:8 |    1759 |       0 |   0.0 |      16 |       0 |   0.0
        D:9 |    1430 |     847 |  37.2 |      13 |       1 |   7.1
       D:10 |    3916 |       0 |   0.0 |      32 |       0 |   0.0
       D:11 |    2942 |     131 |   4.3 |      15 |       1 |   6.2
       D:12 |    2689 |     911 |  25.3 |       8 |       9 |  52.9
       D:13 |    6151 |    6086 |  49.7 |      13 |       8 |  38.1
       D:14 |    7537 |    1182 |  13.6 |      20 |       1 |   4.8
       D:15 |    4576 |    5780 |  55.8 |       9 |       8 |  47.1
     Lair:1 |    3964 |     678 |  14.6 |      22 |       1 |   4.3
     Lair:2 |    5835 |    1401 |  19.4 |      38 |       4 |   9.5
     Lair:3 |    2630 |     589 |  18.3 |      15 |       3 |  16.7
     Lair:4 |    9838 |    1132 |  10.3 |      25 |       2 |   7.4
     Lair:5 |   12300 |   11664 |  48.7 |      30 |      42 |  58.3
    Swamp:1 |   10995 |       0 |   0.0 |      18 |       0 |   0.0
    Swamp:2 |    6564 |       0 |   0.0 |      11 |       0 |   0.0
    Swamp:3 |   15294 |    3033 |  16.5 |      23 |       5 |  17.9
    Swamp:4 |   11740 |   19752 |  62.7 |      27 |      27 |  50.0
   Spider:1 |   28246 |    3593 |  11.3 |      75 |       5 |   6.2
   Spider:2 |   10501 |    8374 |  44.4 |      27 |      14 |  34.1
   Spider:3 |   18820 |    5325 |  22.1 |      46 |      12 |  20.7
   Spider:4 |   14164 |   29698 |  67.7 |      31 |      58 |  65.2
      Orc:1 |    2922 |    1482 |  33.7 |      38 |      17 |  30.9
      Orc:2 |    5183 |    9484 |  64.7 |      45 |      39 |  46.4
   Vaults:1 |   13715 |   13582 |  49.8 |      29 |      21 |  42.0
     Bailey |       0 |    1730 | 100.0 |       0 |      27 | 100.0
      IceCv |      97 |    2574 |  96.4 |       1 |       8 |  88.9
            +---------+---------+-------+---------+---------+-------
